 Dungeon Crawl Stone Soup version 0.21.1-1-g345015fe64 (webtiles) character file.

80 Knicklaso the Vandal (level 4, -1/30 HPs)
             Began as a Halfling Hunter on Apr 10, 2018.
             Slain by freidrichen's ghost (7 damage)
             ... on level 3 of the Dungeon.
             The game lasted 00:04:45 (1994 turns).

Knicklaso the Vandal (Halfling Hunter)              Turns: 1994, Time: 00:04:46

Health: -1/30      AC:  5    Str: 14    XL:     4   Next: 65%
Magic:  4/4        EV: 14    Int:  9    God:
Gold:   58         SH:  0    Dex: 14    Spells: 3/3 levels left

rFire    . . .     SeeInvis .   a - +1 hunting sling
rCold    . . .     Gourm    .   (shield restricted)
rNeg     . . .     Faith    .   h - +0 ring mail
rPois    .         Spirit   .   (no helmet)
rElec    .         Reflect  .   (no cloak)
rCorr    .         Harm     .   (no gloves)
MR       .....                  (no boots)
Stlth    +.........             (no amulet)
HPRegen  0.10/turn              (no ring)
MPRegen  0.09/turn              (no ring)

@: no status effects
A: small, mutation resistance 1
a: no special abilities


You were on level 3 of the Dungeon.
You were not hungry.

You visited 1 branch of the dungeon, and saw 3 of its levels.

You collected 58 gold pieces.

Inventory:

Hand Weapons
 a - a +1 hunting sling (weapon)
 b - a +0 short sword
Missiles
 d - 20 sling bullets
 g - 23 stones (quivered)
Armour
 h - a +0 ring mail (worn)
 w - a cursed +0 pair of gloves
Jewellery
 c - an uncursed amulet of faith {unknown}
 j - an uncursed ring of wizardry {unknown}
 n - an uncursed amulet of guardian spirit {unknown}
 q - a +2 ring of dexterity {unknown}
Scrolls
 m - a scroll of random uselessness {unknown}
 o - 2 scrolls of remove curse {unknown}
 p - a scroll of enchant weapon {unknown}
 u - 3 scrolls of amnesia
 v - a scroll of magic mapping {unknown}
Potions
 e - 2 potions of might
 i - a potion of heal wounds {unknown}
 k - a potion of brilliance {unknown}
 l - a potion of degeneration {unknown}
 r - 2 potions of curing
 s - 2 potions of invisibility {unknown}
 t - a potion of agility {unknown}
Comestibles
 f - 6 rations


   Skills:
 + Level 2.4 Fighting
 * Level 7.2 Slings
 + Level 3.0 Dodging
 - Level 1.1 Stealth


You had 3 spell levels left.
You didn't know any spells.

Dungeon Overview and Level Annotations

Branches:
Dungeon (3/15)

Altars:
Ru
Yredelemnul

Annotations:
D:2 1 runed door
D:3 freidrichen's ghost, amateur GnWn


Innate Abilities, Weirdness & Mutations

You are small and have problems with some larger weapons.
You are somewhat resistant to further mutation.


Message History

You are too injured to fight recklessly!
You are too injured to fight recklessly!
Firing (i - inventory. (,) - cycle):
g - 25 stones (quivered)
Press: ? - help, Shift-Dir - straight line, f/p - freidrichen's ghost
Aim: freidrichen's ghost, wielding a weapon of freezing (almost destroyed)
You shoot a stone.
The stone hits freidrichen's ghost but does no damage.
Freidrichen's ghost is almost destroyed.
Firing (i - inventory. (,) - cycle):
g - 24 stones (quivered)
Press: ? - help, Shift-Dir - straight line, f/p - freidrichen's ghost
Aim: freidrichen's ghost, wielding a weapon of freezing (almost destroyed)
You shoot a stone.
The stone completely misses freidrichen's ghost.
Freidrichen's ghost hits you.
* * * LOW HITPOINT WARNING * * *
Freidrichen's ghost freezes you.
* * * LOW HITPOINT WARNING * * *
Freidrichen's ghost ripples.
Freidrichen's ghost hits you!
You die...

######
#..@.#
#(W..#
#.(..(.#
...(#....#
#####.(.(#
######


You could see freidrichen's ghost.

Vanquished Creatures
  Jessica (D:2)
  2 adders (D:2)
  A worm (D:2)
  A ball python (D:2)
  2 giant cockroaches (D:2)
  5 goblins
  7 hobgoblins
  2 bats
  4 frilled lizards
  2 gnoll zombies (D:2)
  2 kobolds (D:2)
  7 rats
36 creatures vanquished.

Notes
Turn   | Place    | Note
-------+----------+-------------------------------------------
     0 | D:1      | Knicklaso the Halfling Hunter began the quest for the Orb.
     0 | D:1      | Reached XP level 1. HP: 14/14 MP: 1/1
   132 | D:1      | Reached skill level 6 in Slings
   214 | D:1      | Reached XP level 2. HP: 19/19 MP: 2/2
   808 | D:2      | Noticed Jessica
   821 | D:2      | Killed Jessica
   821 | D:2      | Reached XP level 3. HP: 20/24 MP: 3/3
   831 | D:2      | Reached XP level 4. HP: 17/29 MP: 4/4
  1114 | D:2      | Reached skill level 7 in Slings
  1174 | D:2      | Found a sacrificial altar of Ru.
  1549 | D:2      | Found a runed door.
  1627 | D:2      | Found a basalt altar of Yredelemnul.
  1775 | D:3      | Noticed freidrichen's ghost (amateur GnWn)
  1994 | D:3      | Slain by freidrichen's ghost

Skill      XL: |  1  2  3  4 |
---------------+-------------+-----
Slings         | 6 7 |  7.2
Fighting       | 2 |  2.4
Dodging        | 3 |  3.0
Stealth        | |  1.1

Action                   |  1- 3 |  4- 6 || total
-------------------------+-------+-------++-------
 Fire: Hunting sling     |    43 |    81 ||   124
  Use: Scroll            |       |     3 ||     3
  Eat: Chunk             |       |     3 ||     3
Armor: Ring mail         |     6 |     8 ||    14
Dodge: Dodged            |    12 |    28 ||    40
